 Dungeon Crawl Stone Soup version 0.22-a0-570-g58866f5 (webtiles) character file.

49 iamserjio the Shield-Bearer (level 3, -1/24 HPs)
             Began as a Gargoyle Fighter on June 30, 2018.
             Slain by an adder (2 damage)
             ... on level 3 of the Dungeon.
             The game lasted 00:02:16 (324 turns).

iamserjio the Shield-Bearer (Gargoyle Fighter)       Turns: 324, Time: 00:02:17

Health: -1/24      AC: 10    Str: 24    XL:     3   Next: 77%
Magic:  3/3        EV:  7    Int:  8    God:
Gold:   67         SH:  9    Dex: 10    Spells: 2/2 levels left

rFire    . . .     SeeInvis .   a - +0 war axe
rCold    . . .     Gourm    .   c - +0 shield
rNeg     + . .     Faith    .   b - +0 scale mail
rPois    ∞         Spirit   .   (no helmet)
rElec    +         Reflect  .   (no cloak)
rCorr    .         Harm     .   (no gloves)
MR       .....                  (no boots)
Stlth    ..........             (no amulet)
HPRegen  0.08/turn              (no ring)
MPRegen  0.08/turn              (no ring)

@: mighty, flying
A: negative energy resistance 1, electricity resistance, unbreathing,
petrification resistance, rot immunity, AC +3
a: no special abilities


You were on level 3 of the Dungeon.
You were not hungry.

You visited 1 branch of the dungeon, and saw 3 of its levels.

You collected 67 gold pieces.

Inventory:

Hand Weapons
 a - a +0 war axe (weapon)
Armour
 b - a +0 scale mail (worn)
 c - a +0 shield (worn)
Wands
 j - a wand of scattershot (6)
Potions
 e - a potion of cancellation {unknown}
 g - a potion of experience {unknown}
 h - a potion of mutation {unknown}
 i - a potion of flight
Comestibles
 f - a ration


   Skills:
 + Level 3.7 Fighting
 * Level 2.6 Axes
 + Level 3.7 Armour
 + Level 3.7 Shields


You had 2 spell levels left.
You didn't know any spells.
Your spell library was empty.

Dungeon Overview and Level Annotations

Branches:
Dungeon (3/15)

Altars:

Annotations:
D:3 Grinder


Innate Abilities, Weirdness & Mutations

You are resistant to torment.
Your stone body is resilient. (AC +3)
You are immune to poison.
You resist negative energy. (rN+)
You are resistant to electric shocks. (rElec)
You can survive without breathing.
You are immune to petrification.
You are immune to rotting.


Message History

You block the orc's attack. The orc barely misses you.
You closely miss the orc priest. You hit the orc.
You kill the orc!
Your shield prevents you from hitting the orc.
You hit the orc.
The orc priest invokes the aid of Beogh against you.
Beogh smites you! The orc barely misses you.
The adder bites you but does no damage. The orc hits you but does no damage.
You block the orc priest's attack. You block the orc's attack.
You barely miss the orc priest. You closely miss the orc. x2
You closely miss the adder. The adder bites you but does no damage.
You block the orc's attack. The orc priest hits you with a dagger.
The adder bites you but does no damage. You block the orc's attack.
The orc priest mumbles some strange prayers to Beogh against you.
Beogh smites you!
* * * LOW HITPOINT WARNING * * *
It was a potion of flight.
You feel very buoyant.
You fly up into the air.
The adder bites you.
You die...

#.. ####...###
#.. .........
#.##..
.........
......
......... #..
......# #..
#....# #..
#..So### ###
#.ro@..#
#.##.o...#
#........#
#######.## #.#
### ##.###.#
#......### # #.
.#####..###...#
.#. .......†#
##.##


You could see an orc priest, an adder, 2 orcs and a quokka.

Vanquished Creatures
  Jessica (D:2)
  A worm (D:2)
  A leopard gecko (D:3)
  An orc (D:3)
  2 bats
  4 giant cockroaches
  2 goblins (D:2)
  2 hobgoblins (D:2)
  A kobold (D:1)
  A quokka (D:3)
  A rat (D:2)
17 creatures vanquished.

Notes
Turn   | Place    | Note
-------+----------+-------------------------------------------
     0 | D:1      | iamserjio the Gargoyle Fighter began the quest for the Orb.
     0 | D:1      | Reached XP level 1. HP: 14/14 MP: 1/1
   113 | D:2      | Reached XP level 2. HP: 17/19 MP: 2/2
   187 | D:3      | Noticed Grinder
   187 | D:3      | Noticed Jessica
   193 | D:2      | Killed Jessica
   193 | D:2      | Reached XP level 3. HP: 13/24 MP: 3/3
   323 | D:3      | HP: 1/24 [orc priest/divine providence (9)]
   324 | D:3      | Slain by an adder

Vault maps used:
D:1:      lightli_molten_gateway, minmay_pentomino_q4
D:2:      uniq_crazy_yiuf_cottage
D:3:      lemuel_upstairs_altar, okawaru_metal_pillars_3, grunt_gozag_statues,
          marbit_many_paths, uniq_terence, uniq_grinder, uniq_jessica

Skill      XL: |  1 |
---------------+----+-----
Axes           | 2 |  2.6
Fighting       | |  3.7
Armour         | |  3.7
Shields        | |  3.7

Action                   || total
-------------------------++-------
Melee: War axe           ||    45
  Use: Potion            ||     2
Armor: Scale mail        ||    28
Dodge: Dodged            ||    10
Block: Shield            ||    28

Table legend:
 A = Spawn XP
 B = Non-spawn XP
 C = Spawn XP percentage of total XP
 D = Spawn monster count
 E = Non-spawn monster count
 F = Spawn count percentage of total count
 G = Total turns spent on level
                    A         B        C        D         E        F      G
               +---------+---------+-------+---------+---------+-------+---------
         Total |       0 |      71 |   0.0 |       0 |      17 |   0.0 |   324
               +---------+---------+-------+---------+---------+-------+---------
           D:1 |       0 |       8 |   0.0 |       0 |       4 |   0.0 |   107
           D:2 |       0 |      55 |   0.0 |       0 |      10 |   0.0 |   137
           D:3 |       0 |       8 |   0.0 |       0 |       3 |   0.0 |    80
               +---------+---------+-------+---------+---------+-------+---------
